 Dungeon Crawl Stone Soup version 0.24.0-37-gcf1ca852f1 (webtiles) character file.

Game seed: 17395008799558399942, levelgen mode: deterministic

120 Iamsoldier the Ruffian (level 5, 0/45 HPs)
             Began as a Ghoul Gladiator on Nov 24, 2019.
             Was an Initiate of Wu Jian.
             Slain by a centaur skeleton (3 damage)
             ... while paralysed by Grinder
             ... on level 4 of the Dungeon.
             The game lasted 00:09:00 (3081 turns).

Iamsoldier the Ruffian (Ghoul Gladiator)            Turns: 3081, Time: 00:09:00

Health: 0/45       AC:  4    Str: 18    XL:     5   Next: 4%
Magic:  4/4        EV:  2    Int:  3    God:    Wu Jian [......]
Gold:   162        SH:  0    Dex: 11    Spells: 4/4 levels left

rFire    x . .     SeeInvis .     - Unarmed
rCold    + + .     Gourm    .   (no shield)
rNeg     + + +     Faith    .   a - +0 leather armour
rPois    ∞         Spirit   .   b - +0 helmet
rElec    .         Reflect  .   (no cloak)
rCorr    .         Harm     .   (no gloves)
MR       .....                  (no boots)
Stlth    ++........             (no amulet)
HPRegen  0.00/turn              e - ring of ice
MPRegen  0.09/turn              i - +3 ring of evasion

@: paralysed, rotting
A: rotting body, claws 1, carnivore, cold resistance 1, negative energy
resistance 3, inhibited regeneration, torment resistance, unbreathing
a: Renounce Religion


You were on level 4 of the Dungeon.
You worshipped Wu Jian.
Wu Jian was noncommittal.
You were not hungry.

You visited 1 branch of the dungeon, and saw 4 of its levels.

You collected 162 gold pieces.

Inventory:

Missiles
 c - 3 throwing nets (quivered)
Armour
 a - a +0 leather armour (worn)
 b - a +0 helmet (worn)
 s - a +0 buckler
Jewellery
 e - a ring of ice (left claw)
 i - a +3 ring of evasion (right claw)
Wands
 q - a wand of random effects (17)
Scrolls
 f - a scroll of fear {unknown}
 m - a scroll of identify {unknown}
 n - a scroll of magic mapping {unknown}
 o - 3 scrolls of teleportation {unknown}
 p - a scroll of amnesia {unknown}
 t - 2 scrolls of remove curse {unknown}
 v - a scroll of random uselessness {unknown}
Potions
 g - a potion of invisibility {unknown}
 j - a potion of curing {unknown}
 k - 2 potions of heal wounds
 l - 2 potions of haste {unknown}
 r - a potion of brilliance {unknown}
 u - a potion of lignification {unknown}
 w - a potion of agility {unknown}
Comestibles
 d - 7 rations
 h - a chunk of flesh


   Skills:
 + Level 3.1 Fighting
 - Level 1.7 Throwing
 - Level 0.9 Armour
 + Level 3.0 Dodging
 + Level 2.1 Stealth
 * Level 0.9 Shields
 + Level 4.3 Unarmed Combat


You had 4 spell levels left.
You didn't know any spells.
Your spell library was empty.

Dungeon Overview and Level Annotations

Branches:
Dungeon (4/15)
 Temple: D:4-7

Altars:
Elyvilon
Qazlal
Wu Jian
Xom
The Shining One

Annotations:
D:4 Grinder


Innate Abilities, Weirdness & Mutations

Your body is rotting away.
You thrive on raw meat.
You are immune to poison.
You have sharp fingernails.
You are carnivorous and can eat meat at any time.
Your flesh is cold resistant. (rC+)
You are immune to negative energy. (rN+++)
You do not regenerate when monsters are visible.
You are immune to unholy pain and torment.
You can survive without breathing.


Message History

The centaur skeleton is heavily damaged.
The centaur skeleton hits you but does no damage.
The worker ant closely misses you.
You claw the centaur skeleton!
The centaur skeleton is severely damaged.
The centaur skeleton closely misses you.
The worker ant waves its antennae.
The worker ant misses you.
You scratch the centaur skeleton but do no damage.
The centaur skeleton is severely damaged.
The centaur skeleton misses you. The worker ant barely misses you.
Grinder gestures at you.
You suddenly lose the ability to move!
The centaur skeleton completely misses you.
The worker ant bites you. The centaur skeleton hits you.
The worker ant bites you but does no damage.
Grinder zaps a wand.
The puff of flame hits you! The fire burns you terribly!
* * * LOW HITPOINT WARNING * * *
The centaur skeleton hits you.
You die...

#.#>..# §..# #.#..##
.!.#### ##.#...##......
#####..#.#.(#......
#............##.##?#.
#.....÷....#.........
#....)......5.#.###.
#..........##.#a.##.####
#..........##.@Z........
#..........#####.....###
##.####...## ....)....
#..####.#.####..#......#
#.......#....... .##....
#........$..#### ## ##..
##..........### .
#......<.......
##......##.###.


You could see Grinder, a worker ant and a centaur skeleton.

Vanquished Creatures
  3 adders
  An ooze (D:1)
  3 worms
  4 dart slugs
  4 leopard geckos
  3 orcs (D:3)
  3 giant cockroaches
  8 hobgoblins
  2 jackals (D:2)
  6 kobolds
  A quokka (D:3)
  7 bats
  8 frilled lizards
  7 goblins
  7 rats
67 creatures vanquished.

Notes
Turn   | Place    | Note
-------+----------+-------------------------------------------
     0 | D:1      | Iamsoldier the Ghoul Gladiator began the quest for the Orb.
     0 | D:1      | Reached XP level 1. HP: 17/17 MP: 0/0
   117 | D:1      | Reached XP level 2. HP: 24/25 MP: 1/1
   282 | D:1      | Reached skill level 1 in Stealth
   313 | D:1      | Reached XP level 3. HP: 16/30 MP: 2/2
  1294 | D:2      | Found an ornate altar of the Wu Jian Council.
  1307 | D:2      | Became a worshipper of the Wu Jian Council
  1356 | D:2      | Found a stormy altar of Qazlal.
  1364 | D:2      | Reached skill level 4 in Unarmed Combat
  1395 | D:2      | Reached XP level 4. HP: 32/37 MP: 3/3
  1538 | D:2      | Found a shimmering altar of Xom.
  2235 | D:3      | Found a white marble altar of Elyvilon.
  2790 | D:3      | Found a glowing golden altar of the Shining One.
  2885 | D:4      | Reached XP level 5. HP: 32/45 MP: 4/4
  3061 | D:4      | Noticed Grinder
  3070 | D:4      | Paralysed by Grinder for 5 turns
  3079 | D:4      | Paralysed by Grinder for 4 turns
  3081 | D:4      | Slain by a centaur skeleton

Levels and vault maps discovered:
D:1:      minmay_arrival_three_doors, layout_loops_cross
D:2:      minmay_evil_eye, layout_basic, grunt_qazlal_clouds,
          lemuel_coloured_pillars_altar, xom_butterflies, first_ration,
          grunt_decor_arrowhead
D:3:      layout_basic, marbit_many_paths, overflow_temple_1_default
D:4:      layout_rooms, lightli_temple_of_fire, lemuel_doored_altar, uniq_pikel,
          uniq_edmund, uniq_sigmund, uniq_grinder

Skill      XL: |  1  2  3  4 |
---------------+-------------+-----
Stealth        | 1 2 |  2.1
Unarmed Combat | 4 |  4.3
Fighting       | 3 |  3.1
Dodging        | 3 |  3.0
Throwing       | |  1.7
Armour         | |  0.9
Shields        | |  0.9

Action                   |  1- 3 |  4- 6 || total
-------------------------+-------+-------++-------
Melee: Unarmed           |    98 |   109 ||   207
       Punch             |     2 |     2 ||     4
Invok: Lunge             |     1 |    12 ||    13
  Use: Potion            |       |     1 ||     1
 Stab: Sleeping          |     2 |     3 ||     5
  Eat: Chunk             |     5 |     3 ||     8
Armor: Leather armour    |    24 |    12 ||    36
Dodge: Dodged            |    47 |    80 ||   127
